 Dungeon Crawl Stone Soup version 0.32-a0-913-g739538afd8 (webtiles) character file.

Game seed: 10244492226965169295

79 horus123 the Trooper (level 4, -4/29 HPs)
             Began as a Deep Elf Warper on Apr 9, 2024.
             Slain by an iguana (9 damage)
             ... on level 4 of the Dungeon.
             The game lasted 00:03:48 (2071 turns).

horus123 the Trooper (Deep Elf Warper)              Turns: 2071, Time: 00:03:49

Health: -4/29      AC:  7    Str: 10    XL:     4   Next: 17%
Magic:  10/10      EV:  9    Int: 22    God:
Gold:   112        SH:  0    Dex: 14    Spells: 2/9 levels left

rFire   . . .        a - +0 falchion
rCold   . . .        (no shield)
rNeg    . . .        m - +0 ring mail of the Nine Wishes {Int+4 Slay+3}
rPois   .            b - +0 helmet
rElec   .            (no cloak)
rCorr   .            (no gloves)
SInv    +            j - +0 pair of boots
Will    +....        (no amulet)
Stlth   +            h - ring of willpower
HPRegen 0.24/turn    t - ring of see invisible
MPRegen 0.12/turn

%: no passive effects
@: no status effects
A: no striking features
a: no special abilities


You were on level 4 of the Dungeon.
You visited 1 branch of the dungeon, and saw 4 of its levels.

You collected 112 gold pieces.

Inventory:

Hand Weapons
 a - a +0 falchion (weapon)
Missiles
 d - 7 darts of dispersal (quivered)
Armour
 b - a +0 helmet (worn)
 j - a +0 pair of boots (worn)
 m - the +0 ring mail of the Nine Wishes (worn) {Int+4 Slay+3}
   (You took it off a hobgoblin on level 2 of the Dungeon)

   Int+4:     It affects your intelligence (+4).
   Slay+3:    It affects your accuracy & damage with ranged weapons and melee
   (+3).
Jewellery
 h - a ring of willpower (left hand)
 t - a ring of see invisible (right hand)
 u - a ring of fire
Scrolls
 c - a scroll of blinking
 g - 2 scrolls of teleportation
 i - a scroll of vulnerability {unknown}
 k - a scroll of enchant armour {unknown}
 l - a scroll of silence {unknown}
 n - a scroll of immolation {unknown}
 p - a scroll of fear {unknown}
Potions
 e - 2 potions of curing
 f - 2 potions of heal wounds
 o - 2 potions of mutation {unknown}
 q - a potion of degeneration {unknown}
 r - 2 potions of berserk rage {unknown}


   Skills:
 + Level 3.7 Fighting
 - Level 1.7 Long Blades
 - Level 1.0 Throwing
 - Level 0.7 Armour
 - Level 2.4 Dodging
 - Level 3.0 Spellcasting
 - Level 3.2 Translocations


You had 2 spell levels left.
You knew the following spells:

 Your Spells              Type           Power      Damage    Failure   Level
a - Blink                 Tloc           34%        N/A       13%         2
b - Lesser Beckoning      Tloc           34%        N/A       13%         2
c - Maxwell's Portable P  Tloc           17%        2d(6-18)  26%         3

Your spell library contained the following spells:

 Spells                   Type           Power      Damage    Failure   Level
 Teleport Other           Tloc           17%        N/A       26%         3
 Vhi's Electric Charge    Tloc/Air       20%        N/A       86%         4


Dungeon Overview and Level Annotations

Branches:
Dungeon (4/15)
 Temple: D:4-7

Altars:
Cheibriados

Annotations:
D:4 Eustachio


Message History

The hobgoblin closely misses you. The hobgoblin barely misses you.
You hit the hobgoblin but do no damage.
The hobgoblin is almost dead.
The hobgoblin barely misses you.
You barely miss the hobgoblin.
The hobgoblin is almost dead.
The hobgoblin hits you.
You slash the hobgoblin!
You kill the hobgoblin!
You now have 112 gold pieces (gained 18).
As you read the scroll labelled JONOUBOGO, it crumbles to dust.
It is a scroll of identify.
g - 2 scrolls of teleportation
As you read the scroll of identify, it crumbles to dust.
e - 2 potions of curing Eustachio and an iguana come into view.
Eustachio is wielding a +3 rapier of speed.
Eustachio shouts!
The iguana hisses angrily.
A giant cockroach comes into view.
Eustachio screams, "This atrocity can only be purified with blood!"
Eustachio gestures wildly while chanting.
Eustachio blinks!
Eustachio moves out of view.
The iguana moves out of view.
Found a scroll labelled SUNKIU NACU and 19 gold pieces.
The iguana bites you.
Eustachio casts a spell.
Eustachio blinks!
The giant cockroach bites you but does no damage.
The iguana attacks as it pursues you! The iguana bites you!
The iguana attacks as it pursues you! The iguana barely misses you.
The giant cockroach attacks as it pursues you!
The giant cockroach bites you but does no damage.
The iguana attacks as it pursues you! The iguana closely misses you.
The iguana attacks as it pursues you! The iguana barely misses you.
The iguana attacks as it pursues you! The iguana bites you.
The giant cockroach bites you but does no damage.
The iguana attacks as it pursues you! The iguana bites you.
The iguana attacks as it pursues you! The iguana bites you.
* * * LOW HITPOINT WARNING * * *
The iguana attacks as it pursues you! The iguana bites you!
You die...

###..#..##.###
#............# .
###..........## ..
##..###....##.##...
#ß.ß.ß..........ß..
##..####...........
######..#..............
###.......B..####........
#.......@l....#ß.ß.......
##....#......###..........
#....###..##.# #ß.ß.......
#....<.##.#.....#.....##..
#.ß...#####...... .#..#
##.#### ...#..# #ß
....#..# #. ........ #


You could see an iguana and a giant cockroach.

Vanquished Creatures
  3 adders (D:3)
  2 ribbon worms (D:3)
  A dart slug (D:2)
  3 orcs (D:3)
  6 ball pythons
  4 endoplasms
  3 giant cockroaches (D:3)
  A goblin (D:1)
  7 hobgoblins
  A kobold (D:3)
  2 quokkas
  3 bats
  A frilled lizard (D:1)
  3 rats
40 creatures vanquished.

Notes
Turn   | Place    | Note
-------+----------+-------------------------------------------
     0 | D:1      | horus123 the Deep Elf Warper began the quest for the Orb.
     0 | D:1      | Reached XP level 1. HP: 12/12 MP: 6/6
   386 | D:1      | Found a faded altar of an unknown god.
   725 | D:2      | Reached XP level 2. HP: 12/17 MP: 8/8
   731 | D:2      | Identified the +0 ring mail of the Nine Wishes {Int+4
                  | Slay+3}
   930 | D:2      | Learned a level 2 spell: Blink
   933 | D:2      | Learned a level 2 spell: Lesser Beckoning
  1031 | D:2      | Found a snail-covered altar of Cheibriados.
  1196 | D:3      | Reached XP level 3. HP: 19/23 MP: 9/9
  1495 | D:3      | HP: 1/23 [ribbon worm (7)]
  1845 | D:3      | Reached XP level 4. HP: 22/28 MP: 10/10
  1992 | D:3      | Learned a level 3 spell: Maxwell's Portable Piledriver
  2056 | D:4      | Noticed Eustachio
  2071 | D:4      | Slain by an iguana

Illustrated notes

Levels and vault maps discovered:
D:1:      dpeg_arrival_pits, layout_basic, ebering_ecumenical_altar_rust,
          minmay_misc_feat_x, st_stairs_14
D:2:      layout_rooms, basic_altar
D:3:      layout_loops_ring
D:4:      layout_cave_pools, mainiacjoe_overflow_big_doors,
          nicolae_uskayaw_dance_hall, marbit_many_paths, serial_column_ruins,
          column_ruins_pillar_1, column_ruins_pillar_4, column_ruins_pillar_6,
          column_ruins_pillar_7, column_ruins_pillar_6, column_ruins_pillar_2,
          column_ruins_pillar_7, column_ruins_pillar_7, column_ruins_pillar_2,
          column_ruins_pillar_9, column_ruins_pillar_6, column_ruins_pillar_6,
          column_ruins_pillar_7, column_ruins_pillar_3, column_ruins_pillar_2,
          column_ruins_pillar_1, column_ruins_pillar_6, column_ruins_pillar_4,
          nicolae_wormholes, uniq_eustachio

Skill      XL: |  1  2 |
---------------+-------+-----
Fighting       | 2 3 |  3.7
Long Blades    | |  1.7
Throwing       | |  1.0
Armour         | |  0.7
Dodging        | |  2.4
Spellcasting   | |  3.0
Translocations | |  3.2

Action                     |  1- 3 |  4- 6 || total
---------------------------+-------+-------++-------
  Melee: Falchion          |   131 |    12 ||   143
    Use: Potion            |     1 |       ||     1
         Scroll            |       |     2 ||     2
 Armour: Ring mail         |    92 |    18 ||   110
         Leather armour    |    10 |       ||    10
  Dodge: Dodged            |    70 |     9 ||    79

Table legend: (Time is in decaauts)
 A = Elapsed time spent in this place.
 B = Non-inter-level travel time spent in this place.
 C = Inter-level travel time spent in this place.
 D = Time resting spent in this place.
 E = Time spent auto-exploring this place.
 F = Levels seen in this place.
 G = Mean time per level.
                   A        B        C        D        E       F      G
               +--------+--------+--------+--------+--------+-----+--------+
         Total |   2100 |   2016 |     84 |     35 |   1529 |   4 |  525.0 |
       Dungeon |   2100 |   2016 |     84 |     35 |   1529 |   4 |  525.0 |
               +--------+--------+--------+--------+--------+-----+--------+

Top non-repeatable levels by time:
     D:3: 859 daAuts
     D:1: 720 daAuts
     D:2: 469 daAuts
     D:4: 50 daAuts
